 Dungeon Crawl Stone Soup version 0.19.0-19-g8c6edcc (console) character file.

2223 Gottschkopf the Blocker (level 9, -7/93 HPs)
             Began as a Minotaur Fighter on Nov 16, 2016.
             Shot with an arrow by a centaur (9 damage)
             ... on level 7 of the Dungeon.
             The game lasted 00:12:43 (6952 turns).

Gottschkopf the Blocker (Minotaur Fighter)          Turns: 6952, Time: 00:12:43

Health: -7/93      AC: 17    Str: 23    XL:     9   Next: 13%
Magic:  8/8        EV:  6    Int:  5    God:
Gold:   300        SH: 12    Dex:  7    Spells: 0 memorised, 8 levels left

rFire  . . .     SeeInvis .     a - +0 long sword
rCold  . . .     Gourm    .     D - +0 plate armour
rNeg   . . .     Faith    .     c - +0 shield
rPois  .         Spirit   .     (helmet unavailable)
rElec  .         Reflect  .     o - +1 cloak
rCorr  .         Harm     .     y - +1 pair of gloves
MR     .....                    (no boots)
Stlth  ..........               (no amulet)
                                (no ring)
                                (no ring)

@: no status effects
A: retaliatory headbutt, horns 3, clumsy 1, robust 1, weak 1
a: no special abilities


You were on level 7 of the Dungeon.
You were not hungry.

You visited 2 branches of the dungeon, and saw 8 of its levels.

You collected 300 gold pieces.

Inventory:

Hand Weapons
 a - a +0 long sword (weapon)
 G - the cursed +1 dagger of Afuniq {pain, +Inv, unknown}
   (You found it on level 5 of the Dungeon)

   In the hands of one skilled in necromantic magic, it inflicts extra damage on
   living creatures.
   It lets you turn invisible.
   It has a curse placed upon it.
Armour
 c - a +0 shield (worn)
 o - a +1 cloak (worn)
 y - a +1 pair of gloves (worn)
 D - a +0 plate armour (worn)
Jewellery
 t - a +6 ring of protection {unknown}
 x - an uncursed ring of protection from magic {unknown}
 A - an uncursed ring of resist corrosion {unknown}
 E - an uncursed ring of flight {unknown}
 J - a cursed ring of loudness {unknown}
Scrolls
 h - 4 scrolls of enchant armour {unknown}
 i - 2 scrolls of blinking {unknown}
 j - 3 scrolls of remove curse {unknown}
 l - 2 scrolls of fear {unknown}
 p - a scroll of teleportation {unknown}
 r - a scroll of magic mapping {unknown}
 s - 4 scrolls of amnesia {unknown}
 u - 8 scrolls of identify {unknown}
 v - 2 scrolls of noise {unknown}
 w - 4 scrolls of recharging {unknown}
 B - 3 scrolls of enchant weapon {unknown}
Potions
 d - a potion of might
 e - a potion of mutation
 m - 2 potions of flight
 q - a potion of brilliance
 C - a potion of resistance {unknown}
 F - a potion of cancellation {unknown}
 H - a potion of magic {unknown}
 L - a potion of berserk rage {unknown}
Books
 I - a book of Frost

   Spells                             Type                      Level
   a - Freeze                         Ice                          1
   b - Throw Frost                    Conjuration/Ice              2
   c - Ozocubu's Armour               Charms/Ice                   3
   d - Throw Icicle                   Conjuration/Ice              4
   e - Summon Ice Beast               Ice/Summoning                4
Comestibles
 b - 2 chunks of flesh
 f - 2 bread rations
 g - a slice of pizza
 k - a beef jerky
 n - 6 meat rations


   Skills:
 - Level 10.0 Fighting
 - Level 2.4 Long Blades
 + Level 6.2 Armour
 - Level 10.4 Shields


You had 8 spell levels left.
You didn't know any spells.

Dungeon Overview and Level Annotations

Branches:
Dungeon (7/15)             Temple (1/1) D:4

Altars:
Cheibriados
Dithmenos
Elyvilon
Fedhas
Gozag
Hepliaklqana
Kikubaaqudgha
Makhleb
Nemelex Xobeh
Okawaru
Qazlal
Ru
Trog
Uskayaw
Vehumet
Xom
Yredelemnul
Zin
The Shining One

Shops:
D:5 ?


Innate Abilities, Weirdness & Mutations

You reflexively headbutt those who attack you in melee.
You have a pair of large horns on your head.
You are clumsy. (Dex -2)
You are robust. (+10% HP)
You are weak. (Str -2)


Message History

You block the worker ant's attack. You block the worker ant's attack.
You feel sick.
The worker ant bites you but does no damage.
The orc priest mumbles some strange prayers to Beogh against you.
Beogh smites you!
* * * LOW HITPOINT WARNING * * *
There is an escape hatch in the floor here.
You block the worker ant's attack.
A crimson imp comes into view.
* * * LOW HITPOINT WARNING * * *
You feel sick.
You are no longer poisoned.
The crimson imp shouts!
The crimson imp blinks!
The centaur wields a shortbow.
The centaur shoots an arrow.
You block the arrow.
You see here an arrow.
You block the worker ant's attack.
The centaur shoots an arrow.
The arrow hits you!
You die...

... #...)....o.######..#
....#....#..o..# #..#
....######.....# #...
...........##### #.#o
........>....# #.#.
........o....# #.##
.....[oac....# #.##
####.5.......# #.##
#...@.....# #.##
####.........# #. #
#.............#
#.............#
#.....[..###### #........#
####### #........# #......
#........# #......
#####........##########......


You could see an orc warrior, a centaur, a worker ant, an orc priest, a crimson
imp and an orc.

Vanquished Creatures
  Sigmund (D:4)
  Menkaure (D:7)
  A black bear (D:7)
  An ice beast (D:5)
  2 sky beasts
  An orc warrior (D:7)
  A phantom (D:4)
  2 ogres
  2 centaurs
  A big kobold (D:7)
  Blork the orc (D:4)
  A scorpion (D:7)
  2 killer bees (D:7)
  An electric eel (D:7)
  3 crimson imps
  A hound (D:4)
  3 orc wizards
  2 orc priests
  4 iguanas
  4 worker ants
  9 adders
  7 gnolls
  2 shadow imps
  An adder skeleton (D:5)
  2 worms
  2 dart slugs
  6 leopard geckos
  20 orcs
  2 ball pythons
  3 bats
  8 giant cockroaches
  6 goblins
  11 hobgoblins
  4 jackals (D:3)
  7 kobolds
  A quokka (D:7)
  4 frilled lizards
  A jackal skeleton (D:4)
  A leopard gecko zombie (D:5)
  6 rats
138 creatures vanquished.

Vanquished Creatures (others)
  A kobold (D:7)
1 creature vanquished.

Grand Total: 139 creatures vanquished

Notes
Turn   | Place    | Note
-------+----------+-------------------------------------------
     0 | D:1      | Gottschkopf the Minotaur Fighter began the quest for the Orb.
     0 | D:1      | Reached XP level 1. HP: 19/19 MP: 0/0
   147 | D:1      | Reached XP level 2. HP: 28/28 MP: 1/1
   613 | D:1      | Reached skill level 5 in Fighting
   724 | D:2      | Reached XP level 3. HP: 28/36 MP: 2/2
  1119 | D:2      | Found a burning altar of Makhleb.
  1225 | D:3      | Reached XP level 4. HP: 31/44 MP: 3/3
  1455 | D:3      | Reached XP level 5. HP: 31/52 MP: 4/4
  1647 | D:3      | Found a stormy altar of Qazlal.
  2178 | D:4      | Noticed Sigmund
  2200 | D:4      | Killed Sigmund
  2200 | D:4      | Reached XP level 6. HP: 52/62 MP: 5/5
  2519 | D:4      | Noticed Blork the orc
  2525 | D:4      | Killed Blork the orc
  2532 | D:4      | Found a hide-covered altar of Uskayaw.
  2680 | D:4      | Found a staircase to the Ecumenical Temple.
  2690 | Temple   | Entered the Ecumenical Temple
  3056 | D:4      | Reached XP level 7. HP: 64/70 MP: 6/6
  3269 | D:4      | Found a glowing silver altar of Zin.
  3269 | D:4      | Noticed an angel
  3343 | D:4      | Reached skill level 10 in Fighting
  3685 | D:5      | Entered Level 5 of the Dungeon
  3687 | D:5      | Found Fyijitwyat's Magic Scroll Boutique.
  3768 | D:5      | Found a hazy altar of Hepliaklqana.
  3771 | D:5      | Reached skill level 5 in Shields
  3986 | D:5      | Got a fine dagger
  4070 | D:5      | Reached XP level 8. HP: 70/79 MP: 7/7
  4085 | D:5      | Gained mutation: You are robust. (+10% HP) [mutagenic meat]
  4332 | D:5      | Found a sparkling altar of Nemelex Xobeh.
  5151 | D:6      | Found a snail-covered altar of Cheibriados.
  5155 | D:6      | Found an iron altar of Okawaru.
  5160 | D:6      | Found a basalt altar of Yredelemnul.
  5740 | D:7      | Gained mutation: You are clumsy. (Dex -2) [potion of mutation]
  5740 | D:7      | Gained mutation: You are weak. (Str -2) [potion of mutation]
  5740 | D:7      | Gained mutation: You have a pair of large horns on your head. [potion of mutation]
  5757 | D:7      | HP: 4/86 [big kobold (5)]
  5785 | D:7      | Reached skill level 10 in Shields
  6109 | D:7      | Noticed Menkaure
  6132 | D:7      | Killed Menkaure
  6552 | D:7      | Reached skill level 5 in Armour
  6552 | D:7      | Reached XP level 9. HP: 80/93 MP: 8/8
  6948 | D:7      | HP: 2/93 [orc priest/divine providence (13)]
  6952 | D:7      | Shot with an arrow by a centaur

Skill      XL: |  1  2  3  4  5  6  7  8  9 |
---------------+----------------------------+-----
Fighting       | 4 5 7 8 9 10 | 10.0
Shields        | 6 10 | 10.4
Armour         | 5 6 |  6.2
Long Blades    | |  2.4

Action                   |  1- 3 |  4- 6 |  7- 9 || total
-------------------------+-------+-------+-------++-------
Melee: Long sword        |    89 |   115 |   273 ||   477
       Headbutt          |    17 |    20 |    34 ||    71
  Use: Potion            |       |       |     6 ||     6
  Eat: Chunk             |     1 |     6 |    14 ||    21
Armor: Scale mail        |    36 |    61 |    91 ||   188
       Skin              |       |       |    13 ||    13
       Plate armour      |       |       |    19 ||    19
Dodge: Dodged            |    26 |    36 |    79 ||   141
Block: Shield            |    50 |    76 |   155 ||   281
       Rpst.: Long sword |    10 |    11 |    17 ||    38
